Map: Prion Terraces

Players

Starless

  • Race: Zerg Zerg
  • League: Diamond

ILLBdA - Winner!

  • Race: Protoss Protoss
  • League: Diamond

VOD

Have the link to the VOD?

Description

Time

  • Played on: Jan. 2, 2016, 7:11 a.m.
  • Length: 9:15
Show
View Real Time Build Order
Export as new Build Order

Starless Zerg 

Build Orders: Pool First 

Get SALT Encoding   

  12  0:01  Drone  
  13  0:08  Drone  
  13  0:11  Extractor  
  13  0:16  Drone  
  14  0:34  Spawning Pool  
  13  0:37  Drone  
  14  0:46  Overlord  
  14  1:05  Drone  
  15  1:21  Zergling x6  
  15  1:23  Metabolic Boost  
  18  1:26  Queen  
  20  1:49  Hatchery  
  19  1:55  Drone x2  
  21  2:03  Overlord  
  21  2:12  Drone  
  22  2:36  Drone x2  
  24  2:51  Zergling x6  
  26  3:06  Drone  
  26  3:07  Drone x2  
  28  3:17  Drone  
  28  3:18  Queen  
  31  3:28  Drone x3, Extractor  
  31  3:31  Spore Crawler  
  32  3:36  Drone  
  32  3:38  Drone  
  34  3:45  Hatchery  
  32  3:52  Drone x2  
  34  3:57  Drone x2  
  34  3:58  Overlord x2  
  34  4:01  Lair  
  36  4:09  Roach Warren  
  35  4:13  Drone, Extractor  
  35  4:14  Drone  
  36  4:17  Drone x2  
  38  4:25  Overlord  
  38  4:31  Drone x3  
  41  4:42  Drone x2  
  41  4:43  Drone x3  
  46  4:49  Roach  
  48  4:57  Roach x3  
  48  4:59  Roach  
  56  5:02  Glial Reconstitution  
  56  5:05  Overseer  
  56  5:08  Roach  
  56  5:12  Roach  
  56  5:14  Roach  
  62  5:16  Roach  
  62  5:19  Overlord  
  64  5:22  Roach  
  66  5:29  Overlord x2  
  66  5:39  Ravager x3  
  69  5:46  Drone x4  
  69  5:47  Zergling x4, Extractor  
  69  5:48  Zergling x4  
  76  5:50  Queen  
  76  5:56  Roach x2  
  82  5:57  Roach  
  82  6:02  Ravager x2  
  86  6:04  Overlord  
  86  6:14  Drone x3  
  86  6:16  Drone  
  86  6:17  Overlord x2  
  90  6:32  Hydralisk Den  
  89  6:34  Overlord x2  
  89  6:35  Drone x3  
  89  6:36  Drone x3  
Show
View Real Time Build Order
Export as new Build Order

ILLBdA Protoss - Winner!

Build Orders: Nexus First 

Get SALT Encoding   

  12  0:01  Probe (Chrono Boost)  
  13  0:11  Probe (Chrono Boost)  
  14  0:18  Pylon  
  14  0:22  Probe (Chrono Boost)  
  15  0:36  Probe (Chrono Boost)  
  16  0:47  Probe (Chrono Boost)  
  17  0:58  Nexus  
  17  1:09  Gateway  
  17  1:13  Probe (Chrono Boost)  
  18  1:23  Probe (Chrono Boost)  
  18  1:24  Assimilator  
  19  1:29  Assimilator  
  19  1:34  Probe (Chrono Boost)  
  20  1:46  Gateway, Probe (Chrono Boost)  
  21  1:56  Zealot (Chrono Boost)  
  23  2:01  Cybernetics Core  
  23  2:10  Probe  
  23  2:11  Probe  
  29  2:39  Mothership Core  
  29  2:43  Adept (Chrono Boost)  
  30  2:46  Zealot (Chrono Boost)  
  28  3:07  Adept (Chrono Boost)  
  28  3:08  Probe  
  32  3:16  Adept (Chrono Boost), Pylon  
  32  3:20  Pylon  
  32  3:23  Probe  
  33  3:27  Warp Gate  
  33  3:40  Gateway  
  33  3:54  Probe (Chrono Boost)  
  33  3:55  Probe (Chrono Boost)  
  35  3:57  Sentry (Chrono Boost)  
  37  4:03  Sentry  
  37  4:06  Probe (Chrono Boost)  
  40  4:15  Probe (Chrono Boost)  
  41  4:22  Probe (Chrono Boost)  
  42  4:26  Robotics Facility  
  42  4:30  Probe (Chrono Boost)  
  43  4:31  Adept  
  43  4:37  Probe (Chrono Boost)  
  46  4:41  Probe (Chrono Boost)  
  46  4:43  Sentry  
  49  4:47  Probe (Chrono Boost)  
  49  4:52  Probe (Chrono Boost)  
  51  4:58  Pylon  
  51  5:04  Sentry  
  53  5:12  Nexus  
  53  5:16  Stalker x2  
  53  5:24  Immortal (Chrono Boost)  
  57  5:35  Pylon  
  57  5:36  Pylon  
  57  5:37  Zealot  
  59  5:54  Sentry  
  61  6:00  Immortal (Chrono Boost), Zealot x2  
  69  6:09  Pylon  
  69  6:18  Gateway  
  69  6:20  Pylon  
  69  6:22  Probe  
  69  6:25  Sentry, Adept  
  74  6:27  Zealot  
  76  6:35  Probe  
  76  6:36  Probe  
  76  6:37  Probe  
  71  6:54  Adept x2  
  71  7:00  Warp Prism (Chrono Boost)  
  71  7:03  Probe  
  71  7:05  Probe  
  71  7:06  Zealot  
  71  7:08  Probe  
  71  7:09  Pylon  
  71  7:15  Probe  
  71  7:16  Probe  
  71  7:19  Zealot x2  
  71  7:21  Probe  
  71  7:24  Sentry  
  71  7:26  Probe  
  71  7:27  Probe  
  71  7:31  Gateway  
  71  7:33  Probe  
  71  7:34  Gateway  
  71  7:37  Probe  
  71  7:39  Probe  
  71  7:44  Observer  
  71  7:45  Probe  
  71  7:47  Probe  
  71  7:53  Sentry x2  
  71  7:54  Zealot x2  
  71  8:04  Assimilator  
  71  8:07  Assimilator  
  71  8:23  Stalker x3  
  71  8:24  Stalker  
  71  9:11  Assimilator  
  71  9:12  Pylon  
  71  9:13  Assimilator  
  71  9:15  Pylon  
Tags
 
Add a new tag
Caveats
  • Supply blocks, unpowered buildings, or Contaminate may cause inaccurate times.
  • Supply counts are checked every 10 seconds.